 Dungeon Crawl Stone Soup version 0.23-a0-391-g8c51ad5 (webtiles) character file.

6031 XanderDroid the Thaumaturge (level 10, -6/74 HPs)
             Began as a Gnoll Wizard on Oct 30, 2018.
             Was a Follower of Ashenzari.
             Mangled by a death yak (10 damage)
             ... on level 9 of the Dungeon.
             The game lasted 02:04:03 (13704 turns).

XanderDroid the Thaumaturge (Gnoll Wizard)         Turns: 13704, Time: 02:04:04

Health: -6/74      AC:  8    Str: 10    XL:     10   Next: 86%
Magic:  2/23       EV: 15    Int: 24    God:    Ashenzari [*.....]
Gold:   429        SH:  5    Dex: 13    Spells: 16/27 levels left

rFire    + . .     SeeInvis .   a - +2 short sword (venom)
rCold    x . .     Gourm    .   r - +0 buckler
rNeg     + . .     Faith    .   E - +3 leather armour
rPois    .         Spirit   .   x - +0 hat
rElec    .         Reflect  .   I - scarf {cloud immunity}
rCorr    .         Harm     .   (no gloves)
MR       .....                  j - +0 pair of boots
Stlth    +++.......             u - amulet of magic regeneration (curse)
HPRegen  0.22/turn              l - ring of fire
MPRegen  0.43/turn              t - ring of positive energy

@: very slightly contaminated
A: distributed training, fangs 1, strong nose
a: Curse Item, Scrying, Renounce Religion


You were on level 9 of the Dungeon.
You worshipped Ashenzari.
Ashenzari was aware of your devotion.
You were hungry.

You visited 2 branches of the dungeon, and saw 11 of its levels.
You also visited: Ossuary.

You collected 506 gold pieces.
You spent 77 gold pieces at shops.

Inventory:

Hand Weapons
 a - a +2 short sword of venom (weapon)
 b - a +2 trident of flaming
Missiles
 w - 208 arrows
Armour
 c - a +0 large shield of cold resistance
 j - a +0 pair of boots (worn)
 r - a +0 buckler (worn)
 x - a +0 hat (worn)
 B - a +2 cloak
 E - a +3 leather armour (worn)
 I - a scarf of cloud immunity (worn)
Jewellery
 l - a ring of fire (left hand)
 t - a ring of positive energy (right hand)
 u - a cursed amulet of magic regeneration (around neck)
Wands
 y - a wand of scattershot (8)
Scrolls
 e - a scroll of acquirement
 g - 2 scrolls of enchant weapon
 h - 6 scrolls of remove curse
 i - 5 scrolls of blinking
 k - 11 scrolls of teleportation
 o - 2 scrolls of amnesia
 v - 2 scrolls of fear
 z - a scroll of magic mapping
 H - a scroll of fog
Potions
 f - 7 potions of brilliance
 m - a potion of agility
 n - a potion of curing
 p - 4 potions of lignification
 s - 2 potions of cancellation
 C - a potion of mutation
 D - 2 potions of resistance
 F - 4 potions of heal wounds
 G - 2 potions of invisibility
 J - a potion of might {unknown}
Comestibles
 d - 16 rations


   Skills:
 + Level 5.5 Fighting
 + Level 5.5 Short Blades
 + Level 5.5 Long Blades
 + Level 5.5 Axes
 + Level 5.5 Maces & Flails
 + Level 5.5 Polearms
 + Level 5.5 Staves
 + Level 5.5 Slings
 + Level 5.5 Bows
 + Level 5.5 Crossbows
 + Level 5.5 Throwing
 + Level 5.5 Armour
 + Level 7.3 Dodging
 + Level 7.0 Stealth
 + Level 5.5 Shields
 + Level 5.5 Unarmed Combat
 + Level 9.1 Spellcasting
 + Level 5.1 Conjurations
 + Level 4.6 Hexes
 + Level 4.6 Charms
 + Level 5.1 Summonings
 + Level 4.6 Necromancy
 + Level 5.1 Translocations
 + Level 4.6 Transmutations
 + Level 4.6 Fire Magic
 + Level 4.6 Ice Magic
 + Level 4.6 Air Magic
 + Level 4.6 Earth Magic
 + Level 4.6 Poison Magic
 + Level 6.1 Invocations
 + Level 5.5 Evocations


You had 16 spell levels left.
You knew the following spells:

 Your Spells              Type           Power        Failure   Level  Hunger
a - Magic Dart            Conj           ####         1%          1    None
b - Blink                 Tloc           N/A          1%          2    None
c - Call Imp              Summ           #####...     1%          2    None
d - Conjure Flame         Conj/Fire      ######..     3%          3    None
e - Mephitic Cloud        Conj/Pois/Air  ####....     3%          3    None

Your spell library contained the following spells:

 Spells                   Type           Power        Failure   Level  Hunger
 Slow                     Hex            ####....     1%          2    None


Dungeon Overview and Level Annotations

Branches:
Dungeon (10/15)            Temple (1/1) D:6            Lair (0/6) D:10
    Orc (0/2) D:9

Altars:
Ashenzari
Cheibriados
Elyvilon
Fedhas
Gozag
Hepliaklqana
Kikubaaqudgha
Makhleb
Okawaru
Qazlal
Ru
Uskayaw
Vehumet
Wu Jian
Yredelemnul
Zin
The Shining One

Shops:
D:4 ?


Innate Abilities, Weirdness & Mutations

Your experience applies equally to all skills.
You have very sharp teeth.
Your uncanny sense of smell can sniff out nearby items.


Message History

The death yak is almost dead.
Your crimson imp hits the death yak but does no damage.
The death yak is engulfed in noxious fumes.
Casting: Magic Dart (safe; 1% risk of failure)
Confirm with . or Enter, or press ? or * to list all spells.
Aiming: Magic Dart (safe; 1% risk of failure)
Press: ? - help, Shift-Dir - straight line, f/p - death yak
Aim: a death yak (almost dead, poisoned)
The magic dart hits the death yak.
The death yak is almost dead.
The death yak looks more healthy.
Your crimson imp blinks!
Casting: Magic Dart (safe; 1% risk of failure)
Confirm with . or Enter, or press ? or * to list all spells.
You blink.
Your crimson imp blinks!
You hit the death yak but do no damage.
The death yak is poisoned.
The death yak is almost dead.
The death yak gores you!
You die...

#.....##.....##..#).....#
#.....##.....##..#.[....#
#.....#..........#.###..#
#..[..#..........#.# #..#
####'####.........#.###..#
#.......#.....##..#......#
#<......#.........#......#
#####.......#.........#(.....#
##...#.....#.§..@......#......#
.#...#.....#....Y......#..###.#
.#...#.....#......§....#......#
.#...#.................#[.....#
.#...########§§...5.......###.#
.#..........##............# #.#
.#)........§...§..........###.#
.)...##.....##................#
.#...##.....##................#


You could see a death yak and a friendly crimson imp.

Vanquished Creatures
  Harold (D:7)
  6 yaks (D:9)
  Eustachio (D:4)
  A hungry ghost (D:4)
  Edmund (D:6)
  Menkaure (D:7)
  A water moccasin (D:8)
  Duvessa (D:6)
  2 slaves
  3 sky beasts
  2 orc warriors
  A phantom (D:8)
  2 centaurs (D:8)
  2 ogres
  4 bullfrogs
  2 gnoll sergeants (D:7)
  2 scorpions
  Dowan (D:6)
  5 killer bees (D:7)
  3 wights
  3 jellies
  4 howler monkeys
  5 crimson imps
  2 bullfrog zombies (D:5)
  3 bullfrog skeletons
  3 hounds
  6 orc priests
  2 iguanas
  2 orc wizards
  6 worker ants
  2 hound skeletons
  A mummy (Ossuary)
  A worker ant zombie (D:10)
  A howler monkey zombie (D:6)
  13 gnolls
  8 adders
  A howler monkey skeleton (D:4)
  3 shadow imps
  An ooze (D:6)
  3 adder skeletons
  2 worms
  2 dart slugs
  4 leopard geckos
  21 orcs
  8 giant cockroaches
  7 goblins
  9 hobgoblins
  6 jackals
  A quokka (D:8)
  2 ball pythons
  10 bats
  6 frilled lizards
  3 gnoll skeletons (Ossuary)
  A jackal skeleton (D:4)
  10 kobolds
  9 kobold skeletons (Ossuary)
  A leopard gecko zombie (D:6)
  13 orc skeletons (Ossuary)
  7 rats
234 creatures vanquished.

Vanquished Creatures (collateral kills)
  Pikel (D:4)
  Grinder (D:4)
  A wraith (Ossuary)
  Sigmund (D:6)
  A hungry ghost (D:9)
  A slave (D:4)
  A killer bee (D:7)
  A hound (D:4)
  An adder (D:9)
  An orc (D:9)
  A quokka zombie (D:9)
11 creatures vanquished.

Grand Total: 245 creatures vanquished

Notes
Turn   | Place    | Note
-------+----------+-------------------------------------------
     0 | D:1      | XanderDroid the Gnoll Wizard began the quest for the Orb.
     0 | D:1      | Reached XP level 1. HP: 13/13 MP: 8/8
   327 | D:1      | Reached XP level 2. HP: 17/19 MP: 5/10
   640 | D:1      | Reached XP level 3. HP: 25/25 MP: 3/11
   755 | D:1      | Learned a level 2 spell: Blink
   758 | D:1      | Learned a level 2 spell: Call Imp
   769 | D:1      | Learned a level 3 spell: Conjure Flame
   773 | D:1      | Learned a level 3 spell: Mephitic Cloud
  1500 | D:2      | Reached skill level 1 in Invocations
  1895 | D:2      | Reached skill level 1 in Fighting
  1895 | D:2      | Reached skill level 1 in Short Blades
  1895 | D:2      | Reached skill level 1 in Long Blades
  1895 | D:2      | Reached skill level 1 in Axes
  1895 | D:2      | Reached skill level 1 in Maces & Flails
  1895 | D:2      | Reached skill level 1 in Polearms
  1895 | D:2      | Reached skill level 1 in Staves
  1895 | D:2      | Reached skill level 1 in Slings
  1895 | D:2      | Reached skill level 1 in Bows
  1895 | D:2      | Reached skill level 1 in Crossbows
  1895 | D:2      | Reached skill level 1 in Throwing
  1895 | D:2      | Reached skill level 1 in Armour
  1895 | D:2      | Reached skill level 1 in Shields
  1895 | D:2      | Reached skill level 1 in Unarmed Combat
  1895 | D:2      | Reached skill level 1 in Evocations
  2110 | D:3      | Reached XP level 4. HP: 32/32 MP: 9/13
  2334 | D:3      | Found a glowing silver altar of Zin.
  2334 | D:3      | Found an opulent altar of Gozag.
  2493 | D:3      | Found a sacrificial altar of Ru.
  2593 | D:3      | Reached skill level 1 in Hexes
  2593 | D:3      | Reached skill level 1 in Charms
  2593 | D:3      | Reached skill level 1 in Necromancy
  2593 | D:3      | Reached skill level 1 in Transmutations
  2593 | D:3      | Reached skill level 1 in Fire Magic
  2593 | D:3      | Reached skill level 1 in Ice Magic
  2593 | D:3      | Reached skill level 1 in Air Magic
  2593 | D:3      | Reached skill level 1 in Earth Magic
  2593 | D:3      | Reached skill level 1 in Poison Magic
  2595 | D:3      | Found a hazy altar of Hepliaklqana.
  2805 | D:4      | Noticed Eustachio
  2838 | D:4      | Noticed a slave
  2839 | D:4      | Noticed a slave
  2840 | D:4      | Noticed Pikel
  2864 | D:3      | Killed a slave
  3023 | D:4      | Noticed a slave
  3023 | D:4      | Noticed a slave
  3053 | D:4      | Noticed an ogre
  3473 | D:4      | Noticed a hungry ghost
  3479 | D:4      | Reached XP level 5. HP: 35/37 MP: 8/14
  3489 | D:4      | Killed a hungry ghost
  3489 | D:4      | Reached XP level 6. HP: 39/44 MP: 0/16
  3959 | D:4      | Noticed Grinder
  3963 | D:4      | Paralysed by Grinder for 4 turns
  4197 | D:3      | Reached skill level 5 in Dodging
  4737 | D:4      | Killed Grinder
  4737 | D:4      | Reached XP level 7. HP: 51/51 MP: 13/18
  4776 | D:4      | Found Misot's Magic Scroll Shoppe.
  4820 | D:4      | Bought a scroll of identify for 28 gold pieces
  5123 | D:4      | Reached skill level 5 in Stealth
  5269 | D:5      | Entered Level 5 of the Dungeon
  5749 | D:5      | Reached XP level 8. HP: 57/57 MP: 8/19
  5820 | D:5      | Found an ornate altar of the Wu Jian Council.
  5910 | D:5      | Found an iron altar of Okawaru.
  6821 | D:6      | Found a staircase to the Ecumenical Temple.
  6861 | Temple   | Entered the Ecumenical Temple
  6867 | Temple   | Became a worshipper of Ashenzari the Shackled
  7207 | D:6      | Noticed Edmund
  7232 | D:6      | Killed Edmund
  7232 | D:6      | Reached skill level 8 in Spellcasting
  7419 | D:6      | Noticed Dowan
  7952 | D:4      | Killed Pikel
  7952 | D:4      | Reached XP level 9. HP: 58/65 MP: 21/21
  8061 | D:4      | Killed Eustachio
  8180 | D:6      | Identified a scroll of acquirement
  8225 | D:6      | Noticed Duvessa
  8253 | D:6      | Killed Dowan
  8285 | D:6      | Killed Duvessa
  8658 | D:6      | Noticed Sigmund
  8668 | D:6      | Killed Sigmund
  8814 | D:6      | Found a blossoming altar of Fedhas.
  9210 | D:7      | Noticed Menkaure
  9225 | D:7      | Killed Menkaure
  9489 | D:7      | Found a white marble altar of Elyvilon.
  9895 | D:7      | Reached skill level 5 in Invocations
  9953 | D:7      | Noticed Harold
 10013 | D:7      | Killed Harold
 10013 | D:7      | Reached XP level 10. HP: 69/73 MP: 4/22
 10331 | D:4      | Bought a scroll of magic mapping for 49 gold pieces
 10449 | D:8      | Found a burning altar of Makhleb.
 10490 | D:8      | Reached skill level 5 in Fighting
 10490 | D:8      | Reached skill level 5 in Short Blades
 10490 | D:8      | Reached skill level 5 in Long Blades
 10490 | D:8      | Reached skill level 5 in Axes
 10490 | D:8      | Reached skill level 5 in Maces & Flails
 10490 | D:8      | Reached skill level 5 in Polearms
 10490 | D:8      | Reached skill level 5 in Staves
 10490 | D:8      | Reached skill level 5 in Slings
 10490 | D:8      | Reached skill level 5 in Bows
 10490 | D:8      | Reached skill level 5 in Crossbows
 10490 | D:8      | Reached skill level 5 in Throwing
 10490 | D:8      | Reached skill level 5 in Armour
 10490 | D:8      | Reached skill level 5 in Shields
 10490 | D:8      | Reached skill level 5 in Unarmed Combat
 10490 | D:8      | Reached skill level 5 in Evocations
 10634 | D:8      | Reached * piety under Ashenzari
 10662 | D:8      | Found a sand-covered staircase.
 10726 | Ossuary  | Entered an ossuary
 12240 | D:9      | Found a staircase to the Orcish Mines.
 12344 | D:9      | Reached skill level 9 in Spellcasting
 12850 | D:9      | Reached skill level 5 in Conjurations
 12850 | D:9      | Reached skill level 5 in Summonings
 12850 | D:9      | Reached skill level 5 in Translocations
 13493 | D:10     | Entered Level 10 of the Dungeon
 13574 | D:10     | Noticed a death yak
 13576 | D:10     | Found a staircase to the Lair.
 13581 | D:10     | Noticed a death yak
 13584 | D:10     | Noticed a two-headed ogre
 13696 | D:9      | HP: 3/74 [death yak (18)]
 13704 | D:9      | Mangled by a death yak

Vault maps used:
D:1:      mrwooster_arrival_statue_3, minmay_tromino_i2
D:2:      first_ration, chequers_serial_rivers_room_b, minmay_statues_item
D:3:      grunt_temple_overflow_gold_and_silver, lemuel_crystal_altar,
          hangedman_ru_absence
D:4:      serial_shops, shop, kennysheep_big_empty_room, uniq_pikel,
          uniq_grinder, uniq_eustachio
D:5:      lemuel_round_altar, okawaru_trees_2
D:6:      nicolae_overflow_crystal_walls, temple_fountains,
          serial_park_tiny_pond, kennysheep_generic_room_3, uniq_duvessa,
          uniq_sigmund, uniq_edmund
D:7:      lemuel_doored_altar, uniq_menkaure, uniq_harold
D:8:      lemuel_round_altar, nicolae_ossuary_entry_false_entrances,
          grunt_ministairs_6
D:9:      david_orc_3
D:10:     dpeg_lair_monsters, serial_ice, serial_ice_g, serial_ice_j,
          serial_ice_m, serial_ice_d, hangedman_little_slice_of_home
Temple:   eino_narrow_crystal_temple
Ossuary:  ossuary_due_mausoleum

Skill      XL: |  1  2  3  4  5  6  7  8  9 10 |
---------------+-------------------------------+-----
Conjurations   | 2 3 4 5 |  5.1
Summonings     | 2 3 4 5 |  5.1
Translocations | 2 3 4 5 |  5.1
Invocations    | 1 2 3 4 5 6 |  6.1
Fighting       | 1 2 3 4 5 |  5.5
Short Blades   | 1 2 3 4 5 |  5.5
Long Blades    | 1 2 3 4 5 |  5.5
Axes           | 1 2 3 4 5 |  5.5
Maces & Flails | 1 2 3 4 5 |  5.5
Polearms       | 1 2 3 4 5 |  5.5
Staves         | 1 2 3 4 5 |  5.5
Slings         | 1 2 3 4 5 |  5.5
Bows           | 1 2 3 4 5 |  5.5
Crossbows      | 1 2 3 4 5 |  5.5
Throwing       | 1 2 3 4 5 |  5.5
Armour         | 1 2 3 4 5 |  5.5
Shields        | 1 2 3 4 5 |  5.5
Unarmed Combat | 1 2 3 4 5 |  5.5
Evocations     | 1 2 3 4 5 |  5.5
Hexes          | 1 2 3 4 |  4.6
Charms         | 1 2 3 4 |  4.6
Necromancy     | 1 2 3 4 |  4.6
Transmutations | 1 2 3 4 |  4.6
Fire Magic     | 1 2 3 4 |  4.6
Ice Magic      | 1 2 3 4 |  4.6
Air Magic      | 1 2 3 4 |  4.6
Earth Magic    | 1 2 3 4 |  4.6
Poison Magic   | 1 2 3 4 |  4.6
Dodging        | 5 6 7 |  7.3
Stealth        | 5 6 7 |  7.0
Spellcasting   | 8 9 |  9.1

Action                   |  1- 3 |  4- 6 |  7- 9 | 10-12 || total
-------------------------+-------+-------+-------+-------++-------
Melee: Unarmed           |     3 |       |       |       ||     3
       Bite              |     3 |     8 |    21 |    11 ||    43
       Hand axe          |    32 |       |       |       ||    32
       Rapier            |    23 |    52 |    12 |       ||    87
       Punch             |       |       |     4 |     3 ||     7
       Flail             |       |       |    29 |       ||    29
       Spear             |       |       |    25 |       ||    25
       Short sword       |       |       |    92 |   104 ||   196
       Whip              |       |       |    24 |       ||    24
       Trident           |       |       |       |    66 ||    66
 Cast: Magic Dart        |    61 |   128 |   285 |   238 ||   712
       Blink             |       |     7 |    12 |     7 ||    26
       Call Imp          |       |     3 |     4 |    11 ||    18
       Mephitic Cloud    |       |     6 |    34 |    28 ||    68
Invok: Curse Item        |       |       |     1 |       ||     1
       Scrying           |       |       |       |     1 ||     1
  Use: Scroll            |     2 |       |    11 |     9 ||    22
       Potion            |       |       |     1 |     3 ||     4
 Stab: Sleeping          |     6 |     1 |       |     2 ||     9
       Confused          |       |       |     5 |       ||     5
       Distracted        |       |       |       |     1 ||     1
  Eat: Chunk             |     4 |     7 |     6 |     8 ||    25
       Ration            |       |     1 |     3 |     2 ||     6
Armor: Robe              |    26 |    15 |       |       ||    41
       Leather armour    |     2 |    21 |    43 |    80 ||   146
Dodge: Dodged            |    88 |   116 |   134 |   165 ||   503
Block: Buckler           |       |       |       |     4 ||     4

Table legend:
 A = Non-vault XP
 B = Vault XP
 C = Vault XP percentage of total XP
 D = Non-vault monster count
 E = Vault monster count
 F = Vault count percentage of total count
                 A         B        C        D         E       F
            +---------+---------+-------+---------+---------+-------
      Total |    5622 |    2994 |  34.7 |     191 |      51 |  21.1
            +---------+---------+-------+---------+---------+-------
        D:1 |      39 |       2 |   4.9 |      23 |       2 |   8.0
        D:2 |      36 |       0 |   0.0 |      19 |       0 |   0.0
        D:3 |     175 |       0 |   0.0 |      23 |       0 |   0.0
        D:4 |     604 |     792 |  56.7 |      23 |       3 |  11.5
        D:5 |     496 |       0 |   0.0 |      15 |       0 |   0.0
        D:6 |     473 |     519 |  52.3 |      13 |       4 |  23.5
        D:7 |    1036 |    1085 |  51.2 |      29 |       2 |   6.5
        D:8 |     900 |     261 |  22.5 |      14 |       7 |  33.3
        D:9 |    1846 |     133 |   6.7 |      31 |       6 |  16.2
       D:10 |      17 |       0 |   0.0 |       1 |       0 |   0.0
    Ossuary |       0 |     202 | 100.0 |       0 |      27 | 100.0
            +---------+---------+-------+---------+---------+-------
